Unix NetHack Version 5.0.0-0 post-release - last build Jun 10 2026 00:39:30 (3ee93aec679c4c4259841fe613dc97188e26a321,branch:main).

Game began 2026-06-13 02:19:39, ended 2026-06-13 02:32:48.

Brudee, chaotic female human Rogue

                                                                --
                                                           --- --.-----
                                                        -..........<..--
                                                        ---..G.....h@..|
                                                          -......|.GG..|
                                                         |..... ---..---
                                                         --...    ...
                                                         -...     ...-
                                                         ..      ....
                                                        --      ..0...
                                                                |.--.-
                                                                -- ---

Brudee the Cutpurse     St:14 Dx:18 Co:16 In:10 Wi:9 Ch:7  Chaotic S:830
Dlvl:3  $:348 HP:0(33) Pw:16(16) AC:4  Xp:4/83 T:2278  Fainted  Deaf

Latest messages:
 The giant bat bites!
 The giant bat bites!
 In what direction? h
 You kill the giant bat!
 Welcome to experience level 4.
 b - 3 +0 daggers (at the ready) (10 in total).
 There is an open door here.
 You see here a giant bat corpse.
 E - a giant bat corpse.
 b - 2 +0 daggers (at the ready) (12 in total).
 What do you want to sacrifice? [E or ?*] E
 Your sacrifice is consumed in a burst of flame!
 A runed dagger named Sting appears at your feet!
 The voice of Kos thunders: "Use my gift wisely!"
 F - an elven dagger named Sting.
 What do you want to wield? [- abF or ?*] F
 F - an elven dagger named Sting (weapon in right hand).
 You are beginning to feel weak.
 You don't have anything to eat.
 You hear bubbling water.
 You climb up the stairs.
 You faint from lack of food.
 You regain consciousness.
 You faint from lack of food.
 You regain consciousness.
 You can hear again.
 You descend the stairs.
 The gnome lord wields a bow!
 You don't have anything to zap.
 In what direction? j
 The dagger hits the gnome lord.
 The gnome lord picks up a +0 dagger.
 You faint from lack of food.
 The gnome lord wields a +0 dagger!
 The gnome lord thrusts his dagger.
 The gnome lord hits!
 The gnome lord thrusts his dagger.
 The gnome lord hits!
 The gnome lord thrusts his dagger.
 The gnome lord hits!
 The gnome hits!
 The dwarf wields a broad pick!
 The broad pick welds itself to the dwarf's hands!
 The gnome lord thrusts his dagger.
 The gnome lord hits!
 The gnome hits!
 The gnome lord thrusts his dagger.
 The gnome lord hits!
 You die...
 Do you want your possessions identified? [ynq] (y) q

Inventory:
 Coins    ('$')
  $ - 348 gold pieces
 Weapons  (')')
  b - 11 +0 daggers (at the ready)
  F - the fireproof +3 Sting (weapon in right hand)
  a - a +0 short sword
 Armor    ('[')
  p - an uncursed +0 orcish helm (being worn)
  x - a cursed -3 pair of levitation boots
  A - an uncursed +0 cloak of displacement (being worn)
  z - an uncursed +0 cloak of invisibility
  y - an uncursed +0 oilskin cloak
  j - a cursed +0 scale mail (being worn)
 Potions  ('!')
  t - an uncursed potion of healing
  d - an uncursed potion of sickness
  i - an uncursed potion of speed
 Tools    ('(')
  f - an empty uncursed sack
  e - an uncursed lock pick
  v - an uncursed towel
 Gems/Stones  ('*')
  B - an uncursed jade stone
  C - an uncursed worthless piece of violet glass

Brudee the Rogue's attributes:

Background:
 You were a Cutpurse, a level 4 female human Rogue.
 You were chaotic, on a mission for Kos
 who was opposed by Issek (lawful) and Mog (neutral).
 You were right-handed.
 You were in the Gnomish Mines, on level 3.
 You entered the dungeon 2278 turns ago.
 It was nighttime.
 You had 83 experience points, 77 more were needed to attain level 5.
 Your score was 830 before end-of-game adjustments.

Basics:
 You had 0 out of 33 hit points.
 You had all 16 energy points (spell power).
 Your armor class was 4.
 Your wallet contained 348 zorkmids.
 Autopickup was on for '$!=+?/"' plus thrown.

Final Characteristics:
 Your strength was 14 (base:15, limit:18/100).
 Your dexterity was 18 (limit:18).
 Your constitution was 16 (limit:18).
 Your intelligence was 10 (limit:18).
 Your wisdom was 9 (limit:18).
 Your charisma was 7 (limit:18).

Final Status:
 You were deaf.
 You were fainted due to starvation.
 You were unencumbered.
 You were wielding a dagger.
 You had basic skill with dagger.

Final Attributes:
 You were piously aligned.
 You were aware of the presence of orcs.
 You were displaced.
 You were stealthy.
 You were warded.
 Your spell casting was impaired by metallic armor.
 You are dead.

Miscellaneous:
 You didn't encounter any bones levels.
 Total elapsed playing time was 13 minutes and 9 seconds.

Major events:
 Turn
    1: Brudee the chaotic female human Rogue entered the dungeon
 1214: attained the rank of Cutpurse (level 3)
 2067: entered the Gnomish Mines
 2177: was bestowed with Sting by Kos
 2278: killed by a gnome lord, while fainted from lack of food

Spells:
 Name                 Level Category     Fail Retention
 wizard lock            2   matter       100%  76%-100%

Skills:
 Fighting Skills
   bare handed combat [Unskilled]
   two weapon combat  [Unskilled]
   riding             [Unskilled]
 Weapon Skills
   dagger             [Basic]
   knife              [Unskilled]
   short sword        [Basic]
   broadsword         [Unskilled]
   long sword         [Unskilled]
   two-handed sword   [Unskilled]
   saber              [Unskilled]
   club               [Unskilled]
   mace               [Unskilled]
   morning star       [Unskilled]
   flail              [Unskilled]
   hammer             [Unskilled]
   polearms           [Unskilled]
   spear              [Unskilled]
   crossbow           [Unskilled]
   dart               [Unskilled]
   shuriken           [Unskilled]
 Spellcasting Skills
   divination spells  [Unskilled]
   escape spells      [Unskilled]
   matter spells      [Unskilled]

Voluntary challenges:
 Character rerolling was not enabled.
 You never genocided any monsters.
 You never polymorphed an object.
 You never changed form.
 You used no wishes.
Achievements:
 You attained the rank of Cutpurse.
 You entered a shop.
 You entered the Gnomish Mines.

 The Dungeons of Doom: levels 1 to 4
    Level 1:
    Level 2:
       A sink, a grave.
       Stairs down to The Gnomish Mines.
    Level 3:
       Many altars, a fountain.
    Level 4:
       An armor shop, an altar.
 The Gnomish Mines:
    Level 3: <- You were here.
       Final resting place for
          you, killed by a gnome lord, while fainted from lack of food.


Vanquished creatures:
  2 shriekers
  a giant bat
 an orc zombie
  a dwarf zombie
  a coyote
  a hobbit
  a brown mold
  a gnome zombie
  4 geckos
  2 jackals
  a goblin
  2 sewer rats
  5 grid bugs
  a lichen
  a kobold zombie
  5 newts
30 creatures vanquished.

No species were genocided or became extinct.

Game over:
                       ----------
                      /          \
                     /    REST    \
                    /      IN      \
                   /     PEACE      \
                  /                  \
                  |      Brudee      |
                  |      348 Au      |
                  |   killed by a    |
                  |    gnome lord    |
                  |                  |
                  |                  |
                  |       2026       |
                 *|     *  *  *      | *
        _________)/\\_//(\/(/\)/\//\/|_)_______

Goodbye Brudee the Rogue...

You died in The Gnomish Mines on dungeon level 3 with 796 points,
and 348 pieces of gold, after 2278 moves.
You were level 4 with a maximum of 33 hit points when you died.

